 Dungeon Crawl Stone Soup version 0.28.0-45-g0d030f2227 (webtiles) character file.

Game seed: 8585734090817401629

194 MisterFreud the Covert (level 5, 0/47 HPs)
             Began as a Gnoll Delver on May 27, 2022.
             Slain by a quokka (4 damage)
             ... on level 6 of the Dungeon.
             The game lasted 00:01:10 (93 turns).

MisterFreud the Covert (Gnoll Delver)                 Turns: 93, Time: 00:01:11

Health: 0/47       AC:  3    Str: 12    XL:     5   Next: 73%
Magic:  7/7        EV: 13    Int: 11    God:
Gold:   4          SH:  0    Dex: 13    Spells: 7/7 levels left

rFire   . . .      SeeInvis .   a - +0 short sword
rCold   . . .      Faith    .   (no shield)
rNeg    . . .      Spirit   .   b - +0 leather armour
rPois   .          Reflect  .   (no helmet)
rElec   .          Harm     .   (no cloak)
rCorr   .          Rampage  .   (no gloves)
Will    .....                   (no boots)
Stlth   ++++......              (no amulet)
HPRegen 0.15/turn               (no ring)
MPRegen 0.10/turn               (no ring)

@: no status effects
A: fangs 1, strong nose, distributed training
a: no special abilities


You were on level 6 of the Dungeon.
You visited 1 branch of the dungeon, and saw 2 of its levels.

You collected 4 gold pieces.

Inventory:

Hand Weapons
 a - a +0 short sword (weapon)
Armour
 b - a +0 leather armour (worn)
Wands
 g - a wand of digging (1)
Scrolls
 c - a scroll of fog
Potions
 f - 2 potions of haste


   Skills:
 + Level 6.7 Fighting
 + Level 4.8 Short Blades
 + Level 1.6 Long Blades
 + Level 1.6 Axes
 + Level 1.6 Maces & Flails
 + Level 1.6 Polearms
 + Level 1.6 Staves
 + Level 1.6 Slings
 + Level 1.6 Bows
 + Level 1.6 Crossbows
 + Level 1.6 Throwing
 + Level 1.6 Armour
 + Level 4.8 Dodging
 + Level 9.7 Stealth
 + Level 1.6 Shields
 + Level 1.6 Unarmed Combat
 + Level 1.6 Spellcasting
 + Level 1.3 Conjurations
 + Level 1.3 Hexes
 + Level 1.3 Summonings
 + Level 1.3 Necromancy
 + Level 1.3 Translocations
 + Level 1.3 Transmutations
 + Level 1.3 Fire Magic
 + Level 1.3 Ice Magic
 + Level 1.3 Air Magic
 + Level 1.3 Earth Magic
 + Level 1.3 Poison Magic
 + Level 1.8 Invocations
 + Level 1.6 Evocations


You had 7 spell levels left.
You didn't know any spells.
Your spell library was empty.

Dungeon Overview and Level Annotations

Branches:
Dungeon (6/15)
 Temple: D:4-7

Altars:


Innate Abilities, Weirdness & Mutations

You have very sharp teeth.
Your uncanny sense of smell can sniff out nearby items.
Your experience applies equally to all skills.


Message History

You barely miss the adder. You bite the adder, but do no damage.
The adder is almost dead.
The adder closely misses you.
Unknown command.
Your unstable footing causes you to fumble your attack.
The adder closely misses you. The river rat barely misses you.
You hit the adder.
You kill the adder!
The river rat closely misses you.
Okay, then.
Unknown command.
As you read the scroll labelled NOLOUR NOIH, it crumbles to dust.
You speak a Word of immense power!
It was a scroll of holy word.
The river rat bites you.
* * * LOW HITPOINT WARNING * * *
Okay, then.
Unknown command.
Okay, then.
Unknown command.
Unknown command.
Okay, then.
Unknown command.
Okay, then.
Unknown command.
Aiming: Dig
Press: ? - help, Shift-Dir - straight line A rock wall.
The rock shatters into small pieces.
A river rat, an adder and 2 quokkas come into view.
The river rat barely misses you. The adder bites you.
* * * LOW HITPOINT WARNING * * *
The quokka bites you but does no damage.
Aiming: Dig
Press: ? - help, Shift-Dir - straight line A rock wall.
The rock shatters into small pieces.
The adder barely misses you.
The sky beast hits you but does no damage.
The quokka bites you.
You die...

.# #.# #.# #.# #.#
###### #.##....#
#####.#Y##.#
*#r.≈≈≈@#r#.#
#≈####Sr#r#.# *## *##
*,**≈r#≈#≈#.# ##.###.#
*≈#≈.≈#≈#≈#S#####..S#..#
*,#≈#∩#≈#≈#.............
*≈..**#≈#.######........
#≈#≈,≈≈##.# ##5.5....
#.****#*#≈# ##..#....
**≈≈≈≈≈≈≈##* #...##..o


You could see a sky beast, an adder, a river rat (asleep) and 2 quokkas.

Vanquished Creatures
  Edmund (D:6)
  An ogre (D:6)
  An adder (D:6)
3 creatures vanquished.

Notes
Turn   | Place    | Note
-------+----------+-------------------------------------------
     0 | D:5      | Reached skill level 9 in Stealth
     0 | D:5      | MisterFreud the Gnoll Delver began the quest for the Orb.
     0 | D:5      | Reached XP level 1. HP: 23/23 MP: 1/1
     2 | D:6      | Noticed an ogre
     5 | D:6      | Killed an ogre
     6 | D:6      | Reached skill level 1 in Long Blades
     6 | D:6      | Reached skill level 1 in Axes
     6 | D:6      | Reached skill level 1 in Maces & Flails
     6 | D:6      | Reached skill level 1 in Polearms
     6 | D:6      | Reached skill level 1 in Staves
     6 | D:6      | Reached skill level 1 in Slings
     6 | D:6      | Reached skill level 1 in Bows
     6 | D:6      | Reached skill level 1 in Crossbows
     6 | D:6      | Reached skill level 1 in Throwing
     6 | D:6      | Reached skill level 1 in Armour
     6 | D:6      | Reached skill level 1 in Shields
     6 | D:6      | Reached skill level 1 in Unarmed Combat
     6 | D:6      | Reached skill level 1 in Spellcasting
     6 | D:6      | Reached skill level 1 in Invocations
     6 | D:6      | Reached skill level 1 in Evocations
     6 | D:6      | Reached XP level 2. HP: 29/29 MP: 1/3
     6 | D:6      | Reached XP level 3. HP: 35/35 MP: 1/4
     6 | D:6      | Reached XP level 4. HP: 41/41 MP: 1/5
    20 | D:6      | Noticed Edmund
    22 | D:6      | Noticed a sky beast
    25 | D:6      | Killed Edmund
    26 | D:6      | Reached skill level 1 in Conjurations
    26 | D:6      | Reached skill level 1 in Hexes
    26 | D:6      | Reached skill level 1 in Summonings
    26 | D:6      | Reached skill level 1 in Necromancy
    26 | D:6      | Reached skill level 1 in Translocations
    26 | D:6      | Reached skill level 1 in Transmutations
    26 | D:6      | Reached skill level 1 in Fire Magic
    26 | D:6      | Reached skill level 1 in Ice Magic
    26 | D:6      | Reached skill level 1 in Air Magic
    26 | D:6      | Reached skill level 1 in Earth Magic
    26 | D:6      | Reached skill level 1 in Poison Magic
    26 | D:6      | Reached XP level 5. HP: 47/47 MP: 2/7
    93 | D:6      | Slain by a quokka

Illustrated notes

Levels and vault maps discovered:
D:5:      minmay_opposing_rooms, layout_basic, minmay_temple_entry_butterflies,
          minmay_circle_x
D:6:      layout_cave_pools, gammafunk_temple_overflow_elements,
          gup_sewer_entry_spiral, uniq_eustachio, uniq_menkaure, uniq_edmund

Skill      XL: |  1  2  3  4 |
---------------+-------------+-----
Stealth        | |  9.7
Long Blades    | 1 |  1.6
Axes           | 1 |  1.6
Maces & Flails | 1 |  1.6
Polearms       | 1 |  1.6
Staves         | 1 |  1.6
Slings         | 1 |  1.6
Bows           | 1 |  1.6
Crossbows      | 1 |  1.6
Throwing       | 1 |  1.6
Armour         | 1 |  1.6
Shields        | 1 |  1.6
Unarmed Combat | 1 |  1.6
Spellcasting   | 1 |  1.6
Invocations    | 1 |  1.8
Evocations     | 1 |  1.6
Conjurations   | 1 |  1.3
Hexes          | 1 |  1.3
Summonings     | 1 |  1.3
Necromancy     | 1 |  1.3
Translocations | 1 |  1.3
Transmutations | 1 |  1.3
Fire Magic     | 1 |  1.3
Ice Magic      | 1 |  1.3
Air Magic      | 1 |  1.3
Earth Magic    | 1 |  1.3
Poison Magic   | 1 |  1.3
Fighting       | |  6.7
Short Blades   | |  4.8
Dodging        | |  4.8

Action                   |  1- 3 |  4- 6 || total
-------------------------+-------+-------++-------
Melee: Short sword       |     1 |    21 ||    22
       Bite              |       |     1 ||     1
Evoke: Wand              |       |     2 ||     2
  Use: Scroll            |       |     3 ||     3
 Stab: Sleeping          |     1 |     1 ||     2
Armor: Leather armour    |       |     4 ||     4
Dodge: Dodged            |       |    34 ||    34
